[Event "Wednesday Night Engine Tour 13 rd Swiss 3m+1s Starts at 2200hrs ST"]
[Site "Infinity Chess"]
[Date "2018.1.17"]
[Round "7"]
[White "incredible"]
[Black "MGR"]
[Result "1/2-1/2"]
[ECO "D31"]
[WhiteElo "2502"]
[BlackElo "2486"]
[WhiteEngine "Stockfish_x64_bmi2"]
[BlackEngine "asmFishW_2017-11-19_bmi2"]
[EventType "Swiss"]
[WhiteTeam ""]
[BlackTeam ""]
[PlyCount "141"]
[TimeControl "180+1"]

1. d4 d5 2. c4 e6 3. Nc3 c6 4. Nf3 Nf6 5. Bg5 h6 6. Bxf6 Qxf6 7. e3 Nd7 
8. Bd3 dxc4 9. Bxc4 g6 10. O-O Bg7 11. e4 e5 12. d5 Nb6 13. Nd2 O-O 14. Bb3 h5 
15. Qe2 Bg4 16. f3 Bd7 17. Qf2 Rfd8 18. Kh1 Be8 19. a4 Nc8 20. Nc4 Nd6 
21. Nxd6 Qxd6 22. g4 Qb4 23. Ra3 Qb6 24. gxh5 Qxf2 25. Rxf2 gxh5 26. Ra1 Rd6 
27. Rg1 Kf8 28. Rg5 f6 29. f4 exf4 30. Rf5 Bg6 31. R5xf4 Re8 32. Bc2 Re5 
33. R4f3 Bf7 34. Bb3 Bg6 35. Bc2 cxd5 36. exd5 Bf7 37. Ne4 Rdxd5 38. Nxf6 Re1+ 
39. Kg2 Rg5+ 40. Ng4 Rxg4+ 41. Kh3 Bf6 42. Rxf6 Re3+ 43. R2f3 Rxf3+ 44. Rxf3 Ke7 
45. Re3+ Kd6 46. Bb3 Bxb3 47. Rxb3 Kc7 48. a5 Kc6 49. Rg3 Rb4 50. Rg6+ Kb5 
51. Rg5+ Kc4 52. Kg3 h4+ 53. Kxh4 Rxb2 54. Kg3 a6 55. h4 b6 56. Rg4+ Kc5 
57. h5 bxa5 58. h6 Rb3+ 59. Kf2 a4 60. h7 Rh3 61. h8=Q Rxh8 62. Rxa4 Kb5 
63. Rg4 a5 64. Ke2 Rd8 65. Rg1 Kc4 66. Rd1 Rh8 67. Kd2 a4 68. Kc2 Rb8 
69. Ra1 Ra8 70. Kb2 a3+ 71. Rxa3 1/2-1/2

[Event "Wednesday Night Engine Tour 13 rd Swiss 3m+1s Starts at 2200hrs ST"]
[Site "Infinity Chess"]
[Date "2018.1.17"]
[Round "7"]
[White "RonWeasley"]
[Black "BraveDevil"]
[Result "1/2-1/2"]
[ECO "B95"]
[WhiteElo "2501"]
[BlackElo "2519"]
[WhiteEngine "BrainFish 130117_CTG"]
[BlackEngine "Cryptic AIL V1"]
[EventType "Swiss"]
[WhiteTeam ""]
[BlackTeam ""]
[PlyCount "297"]
[TimeControl "180+1"]

1. e4 c5 2. Nf3 d6 3. d4 cxd4 4. Nxd4 Nf6 5. Nc3 a6 6. Bg5 e6 7. Qf3 Be7 
8. O-O-O Qc7 9. Bd3 Nbd7 10. Qg3 b5 11. Rhe1 h6 12. Bd2 b4 13. Nce2 Rb8 
14. Nf4 Ne5 15. Qxg7 Rg8 16. Qxh6 Nxd3+ 17. Nxd3 e5 18. Nf3 Be6 19. Bxb4 Rc8 
20. Re2 Bxa2 21. g3 a5 22. Ba3 Be6 23. Qe3 Nd7 24. Nde1 Nb6 25. Nd2 Rg6 
26. h4 Bf8 27. Qd3 Nc4 28. Nxc4 Bxc4 29. Qf3 Bxe2 30. Qxe2 Qc4 31. Qf3 Be7 
32. h5 Rf6 33. Qe3 Qa2 34. f3 a4 35. Rd3 Re6 36. Kd1 Kf8 37. Qd2 Kg8 38. g4 Bh4 
39. Ng2 Bf6 40. Ke2 Ree8 41. Kf2 Rc6 42. Kg3 Qb1 43. c3 Rd8 44. Kh2 Be7 
45. Qe2 Bg5 46. Ne3 Qa2 47. Nd5 Qc4 48. Ne3 Qa6 49. Nd5 Qc4 50. Kg2 Ra8 
51. Nb4 Rb6 52. Kf2 Kh7 53. Kf1 Rc8 54. Kg2 Rd8 55. Kg3 Rdb8 56. Kg2 Rc8 
57. Qd1 Rc5 58. Qf1 Rc8 59. Qd1 Rc5 60. Qf1 Rc8 61. Kg3 Rb7 62. Qe2 Rb5 
63. Kg2 Rb6 64. Kg1 Rb7 65. Kh2 Rbb8 66. Kg1 Rb5 67. Kf1 Rb6 68. Kg2 Rd8 
69. Qd1 Rc8 70. Rd5 Rc5 71. Rd3 Rc8 72. Kh2 Kg8 73. Kh3 Kh7 74. Qe2 Rd8 
75. Qd1 Rc8 76. Kg3 Kg7 77. Nd5 Rbc6 78. Rd2 Rb8 79. Bb4 Rd8 80. Kf2 Kh7 
81. Kg3 Kg7 82. Kg2 Kh7 83. Kg1 Rb8 84. Kf2 Ra6 85. Rc2 Kh8 86. Kg3 Kg7 
87. Rg2 Rb7 88. Rh2 Qc6 89. Rf2 Ra8 90. Qf1 Re8 91. c4 Rc8 92. Rc2 Qd7 
93. Qa1 Rcb8 94. Bc3 f6 95. Bd2 Bxd2 96. Rxd2 Rb3 97. c5 dxc5 98. Qc1 Qc6 
99. Rc2 a3 100. Rxc5 axb2 101. Rxc6 bxc1=Q 102. Rxc1 R3b7 103. Rc6 Rf8 
104. Ne3 Kg8 105. Ra6 Kh8 106. g5 fxg5 107. Ng4 Rf4 108. Nxe5 Kg8 109. Rg6+ Rg7 
110. Rd6 Rb7 111. Ng6 Rff7 112. Ne5 Rf4 113. Rg6+ Rg7 114. Ra6 Rb7 115. Ra5 Rb1 
116. Nd7 Rg1+ 117. Kf2 Rh1 118. Rxg5+ Kf7 119. Ke3 Rfh4 120. Rf5+ Ke7 
121. Nf6 Kd6 122. Rg5 Ke6 123. Nd5 Re1+ 124. Kd2 Reh1 125. Kd3 Kd6 126. Kd4 Rd1+ 
127. Ke3 Re1+ 128. Kf2 Reh1 129. Nf6 Ke7 130. Rf5 Kd6 131. Rg5 Ke6 132. Rf5 Kd6 
133. Ke2 Rb1 134. Nd5 Rh3 135. Nf4 Rh2+ 136. Ke3 Re1+ 137. Kd4 Rd1+ 
138. Ke3 Re1+ 139. Kd4 Rd1+ 140. Nd3 Re2 141. h6 Rh2 142. Ra5 Kc7 143. e5 Rxh6 
144. Ke4 Rh4+ 145. f4 Rxd3 146. Kxd3 Rxf4 147. Ke3 Rh4 148. Rd5 Kc6 149. Rd1 
1/2-1/2

[Event "Wednesday Night Engine Tour 13 rd Swiss 3m+1s Starts at 2200hrs ST"]
[Site "Infinity Chess"]
[Date "2018.1.17"]
[Round "7"]
[White "Victorious"]
[Black "jery"]
[Result "1/2-1/2"]
[ECO "A06"]
[WhiteElo "2554"]
[BlackElo "2455"]
[WhiteEngine "BugChess2.41_Release"]
[BlackEngine "stockfish_18011309_x64_modern_CTG"]
[EventType "Swiss"]
[WhiteTeam ""]
[BlackTeam ""]
[PlyCount "95"]
[TimeControl "180+1"]

1. Nf3 d5 2. d4 Nf6 3. e3 e6 4. Bd3 c5 5. b3 Nc6 6. Bb2 b6 7. O-O Bb7 8. c4 cxd4 
9. exd4 Bd6 10. Nc3 dxc4 11. bxc4 O-O 12. Re1 Rc8 13. Ne4 Nxe4 14. Bxe4 Na5 
15. Bxb7 Nxb7 16. d5 exd5 17. Qxd5 Na5 18. Rad1 Nxc4 19. Bc3 a5 20. h3 Rc5 
21. Qd4 f6 22. Ng5 Qc8 23. Ne6 Be5 24. Rxe5 Nxe5 25. Nxc5 Qxc5 26. Qxc5 bxc5 
27. Kf1 a4 28. Rd5 Rc8 29. Bxe5 fxe5 30. Rxe5 c4 31. Re2 Kf7 32. Ke1 Rb8 
33. Kd1 a3 34. Kc1 Kf6 35. Rc2 Rb4 36. Rc3 Rb2 37. Rxa3 Rxf2 38. Rf3+ Rxf3 
39. gxf3 g5 40. a4 Ke6 41. Kd2 Kd6 42. a5 Kc6 43. Kc3 Kb5 44. a6 Kxa6 
45. Kxc4 Kb6 46. Kd4 h6 47. f4 gxf4 48. Ke4 1/2-1/2

[Event "Wednesday Night Engine Tour 13 rd Swiss 3m+1s Starts at 2200hrs ST"]
[Site "Infinity Chess"]
[Date "2018.1.17"]
[Round "7"]
[White "ocirema"]
[Black "Gilgamesch"]
[Result "1/2-1/2"]
[ECO "B53"]
[WhiteElo "2490"]
[BlackElo "2559"]
[WhiteEngine "stockfish_18011309_x64_modern_CTG"]
[BlackEngine "BrainFish_171005_x64_bmi2"]
[EventType "Swiss"]
[WhiteTeam ""]
[BlackTeam ""]
[PlyCount "29"]
[TimeControl "180+1"]

1. e4 c5 2. Nf3 d6 3. d4 Nf6 4. Nc3 cxd4 5. Nxd4 a6 6. Be3 e5 7. Nf3 Be7 
8. Bc4 O-O 9. O-O Nc6 10. Bg5 Be6 11. Qe2 Nh5 12. Be3 Nf6 13. Bg5 Nh5 
14. Be3 Nf6 15. Bg5 1/2-1/2

[Event "Wednesday Night Engine Tour 13 rd Swiss 3m+1s Starts at 2200hrs ST"]
[Site "Infinity Chess"]
[Date "2018.1.17"]
[Round "7"]
[White "Eman"]
[Black "ludimilojko"]
[Result "1/2-1/2"]
[ECO "D31"]
[WhiteElo "2515"]
[BlackElo "2370"]
[WhiteEngine "Eman SL 1.63 64-bit POPCNT"]
[BlackEngine "CorChess 2.0_x64_CTG"]
[EventType "Swiss"]
[WhiteTeam ""]
[BlackTeam ""]
[PlyCount "106"]
[TimeControl "180+1"]

1. d4 d5 2. c4 e6 3. Nc3 c6 4. e3 Nf6 5. Nf3 Nbd7 6. Qc2 Bd6 7. Bd3 O-O 
8. O-O dxc4 9. Bxc4 a6 10. Rd1 b5 11. Bd3 Bb7 12. Ng5 h6 13. Nge4 Bc7 14. b4 a5 
15. bxa5 Rxa5 16. a3 Qe7 17. Bb2 Raa8 18. g3 Nd5 19. Nc5 Nxc5 20. dxc5 Rfd8 
21. Nxd5 Rxd5 22. Rac1 Ra4 23. Qe2 Bc8 24. Bc2 Rc4 25. a4 Be5 26. Bxe5 Rxe5 
27. axb5 cxb5 28. Qd3 g6 29. Qd8+ Qxd8 30. Rxd8+ Kg7 31. Rxc8 b4 32. Rb1 Rxc2 
33. Rxb4 Rf5 34. Rf4 Rcxc5 35. Rxc5 Rxc5 36. Rb4 Rc2 37. h4 Rc1+ 38. Kg2 h5 
39. Rd4 Rb1 40. Kf3 Rb2 41. Rd6 Kf6 42. Rd7 Rb1 43. Rc7 Rb4 44. Rc6 Ke5 
45. Rc5+ Kd6 46. Ra5 Ke7 47. Ra7+ Kf6 48. Rc7 Rb1 49. e4 Rb3+ 50. Kg2 Rb2 
51. Kf3 Rb3+ 52. Ke2 Rb2+ 53. Kf3 Rb3+ 1/2-1/2

[Event "Wednesday Night Engine Tour 13 rd Swiss 3m+1s Starts at 2200hrs ST"]
[Site "Infinity Chess"]
[Date "2018.1.17"]
[Round "7"]
[White "Vimtiroba"]
[Black "Thinker"]
[Result "1/2-1/2"]
[ECO "C50"]
[WhiteElo "2538"]
[BlackElo "2508"]
[WhiteEngine "SF@Infinity_CTG"]
[BlackEngine "BrainFish_180113_x64_modern_CTG"]
[EventType "Swiss"]
[WhiteTeam ""]
[BlackTeam ""]
[PlyCount "76"]
[TimeControl "180+1"]

1. e4 e5 2. Nf3 Nc6 3. Bc4 Bc5 4. O-O Nf6 5. d3 d6 6. c3 O-O 7. h3 a6 8. Re1 Ba7 
9. a4 h6 10. Nbd2 Re8 11. b4 Be6 12. Bxe6 Rxe6 13. Qc2 Qd7 14. Rb1 Ree8 
15. Nf1 b5 16. a5 Ne7 17. Ng3 c5 18. bxc5 Bxc5 19. d4 Ba7 20. Be3 Qc7 
21. Qd2 Kh7 22. Rbd1 Rad8 23. Nh4 d5 24. dxe5 Nxe4 25. Qc2 Bxe3 26. Rxe3 g6 
27. Nxe4 dxe4 28. Rxe4 Rxd1+ 29. Qxd1 Nc6 30. e6 Rxe6 31. Rxe6 fxe6 32. Qg4 Ne5 
33. Qxe6 Qxc3 34. Qxa6 Qc1+ 35. Kh2 Qf4+ 36. Kg1 Qc1+ 37. Kh2 Qf4+ 38. Kg1 Qc1+ 
1/2-1/2

[Event "Wednesday Night Engine Tour 13 rd Swiss 3m+1s Starts at 2200hrs ST"]
[Site "Infinity Chess"]
[Date "2018.1.17"]
[Round "7"]
[White "star99"]
[Black "avilllaa"]
[Result "1/2-1/2"]
[ECO "E40"]
[WhiteElo "2487"]
[BlackElo "2530"]
[WhiteEngine "Cryptic AIL V1"]
[BlackEngine "Cryptic AIL V1"]
[EventType "Swiss"]
[WhiteTeam ""]
[BlackTeam ""]
[PlyCount "254"]
[TimeControl "180+1"]

1. d4 Nf6 2. c4 e6 3. Nc3 Bb4 4. e3 O-O 5. Bd3 b6 6. Nf3 Bb7 7. O-O d5 
8. cxd5 exd5 9. a3 Bxc3 10. bxc3 Nc6 11. Bb2 Na5 12. Rc1 c5 13. Ne5 Rc8 
14. c4 cxd4 15. Bf5 dxc4 16. Bxc8 Qxc8 17. Bxd4 Re8 18. Re1 Ba6 19. Qc2 Nb3 
20. Rcd1 Qe6 21. h3 b5 22. Bb2 Bb7 23. e4 Nc5 24. f3 Na4 25. Bd4 Rc8 
26. Ng4 Nxg4 27. hxg4 a6 28. Qd2 h6 29. Qb4 Bc6 30. Be3 Be8 31. Rd5 Bc6 
32. Rd2 Kh7 33. Rc1 Qe5 34. Qd6 Qxd6 35. Rxd6 a5 36. Bd2 Nc5 37. Rb1 f6 
38. Kf1 Kg8 39. Ke1 Kf7 40. Bc3 Nb3 41. Rbd1 Ke7 42. e5 fxe5 43. Bxe5 b4 
44. axb4 axb4 45. Bxg7 c3 46. Bxh6 c2 47. Bg5+ Kf7 48. Rf6+ Kg8 49. Rg6+ Kh7 
50. Rdd6 Be8 51. Rge6 c1=Q+ 52. Bxc1 Nxc1 53. Re7+ Kg8 54. Rb7 b3 55. g5 Bf7 
56. Kd2 Na2 57. Rdd7 Be6 58. Rg7+ Kf8 59. Rh7 Kg8 60. Rhg7+ Kf8 61. Rh7 Kg8 
62. Rhc7 Rxc7 63. Rxc7 Nb4 64. Rb7 Nc6 65. f4 Bd5 66. g3 Na5 67. Rb8+ Kf7 
68. Kc3 Nb7 69. Rc8 Nd6 70. Rd8 Ne4+ 71. Kd4 Nd2 72. Rb8 Be6 73. Rb5 Kg7 
74. Rb7+ Kf8 75. g4 Nf3+ 76. Kc5 Bxg4 77. Rxb3 Nh4 78. Kd5 Kf7 79. Rb7+ Kg6 
80. Rb8 Kg7 81. Rb3 Kg6 82. Rb6+ Kf7 83. Kd4 Kg7 84. Ra6 Be2 85. Ra2 Bg4 
86. Rb2 Kf7 87. Kd5 Kg7 88. Rh2 Ng6 89. Ke4 Ne7 90. Rh6 Kf7 91. Ke5 Ng6+ 
92. Ke4 Ne7 93. Rf6+ Kg7 94. Rd6 Bf5+ 95. Ke5 Bg4 96. Ra6 Ng6+ 97. Ke4 Nh4 
98. Rb6 Bf5+ 99. Ke3 Ng2+ 100. Kf3 Nh4+ 101. Ke2 Bc2 102. Ra6 Bg6 103. Ke3 Ng2+ 
104. Kf3 Nh4+ 105. Ke2 Ng2 106. Ra7+ Kf8 107. Kf3 Nh4+ 108. Ke3 Ng2+ 
109. Kf3 Nh4+ 110. Ke2 Ng2 111. Ra4 Bc2 112. Rc4 Bg6 113. Kf3 Nh4+ 114. Kg4 Nf5 
115. Rc5 Ne7 116. Kf3 Kf7 117. Rc1 Bh7 118. Rd1 Bg6 119. Rd6 Kg7 120. Ke2 Bh7 
121. Rd2 Bg6 122. Kf3 Kf7 123. Ra2 Bh7 124. Ra7 Bc2 125. f5 Bxf5 126. Kf4 Kf8 
127. Rxe7 Kxe7 1/2-1/2

[Event "Wednesday Night Engine Tour 13 rd Swiss 3m+1s Starts at 2200hrs ST"]
[Site "Infinity Chess"]
[Date "2018.1.17"]
[Round "6"]
[White "ludimilojko"]
[Black "denochss"]
[Result "1-0"]
[ECO "C55"]
[WhiteElo "2350"]
[BlackElo "2459"]
[WhiteEngine "CorChess 2.0_x64_CTG"]
[BlackEngine "BrainFish_171111_x64_bmi2"]
[EventType "Swiss"]
[WhiteTeam ""]
[BlackTeam ""]
[PlyCount "159"]
[TimeControl "180+1"]

1. e4 e5 2. Nf3 Nc6 3. Bc4 Nf6 4. d3 Bc5 5. c3 d6 6. O-O a5 7. Nbd2 O-O 8. h3 h6 
9. Re1 Be6 10. Bb5 Qb8 11. Nf1 Qa7 12. Re2 a4 13. Ng3 Bb6 14. d4 exd4 
15. Bxc6 bxc6 16. Nxd4 Rfe8 17. Bf4 h5 18. e5 Nd5 19. Qd2 a3 20. Bh6 axb2 
21. Rb1 Bxd4 22. Qg5 g6 23. cxd4 Kh7 24. Nxh5 Rg8 25. Nf4 Nxf4 26. Qxf4 dxe5 
27. dxe5 Qa4 28. Re4 Qxe4 29. Qxe4 Kxh6 30. Rxb2 Rxa2 31. Rb4 Raa8 32. Qxc6 Rac8 
33. Rb7 Rgf8 34. Rxc7 Rxc7 35. Qxc7 Kh7 36. Qe7 Rb8 37. Kh2 Rb2 38. f3 Re2 
39. Qg5 Bd5 40. Qh4+ Kg7 41. Qf6+ Kh7 42. h4 Ra2 43. h5 gxh5 44. Qd8 Be6 
45. Qg5 Ra6 46. f4 Bb3 47. f5 Rh6 48. Qe7 Kg7 49. Qd8 Bc4 50. Qd4 Be6 
51. fxe6 Rxe6 52. Kg3 Kh7 53. Kh4 Kg6 54. Qf4 Kg7 55. Kxh5 Kf8 56. Qd4 Ke8 
57. Kg5 Rg6+ 58. Kf5 Rh6 59. Qd6 Rh1 60. Kf6 Rh6+ 61. Kg7 Rxd6 62. exd6 f5 
63. Kf6 Kd7 64. Kxf5 Kxd6 65. Kf6 Kd7 66. Kf7 Kc6 67. g4 Kb5 68. g5 Ka4 
69. g6 Ka3 70. g7 Ka2 71. g8=Q Kb3 72. Qg3+ Kc4 73. Ke6 Kd4 74. Qb3 Ke4 
75. Qc3 Kf4 76. Qd3 Kg4 77. Qe3 Kh5 78. Qg3 Kh6 79. Kf6 Kh7 80. Qg7# 1-0

[Event "Wednesday Night Engine Tour 13 rd Swiss 3m+1s Starts at 2200hrs ST"]
[Site "Infinity Chess"]
[Date "2018.1.17"]
[Round "6"]
[White "OlivierEvan"]
[Black "avilllaa"]
[Result "0-1"]
[ECO "B90"]
[WhiteElo "2450"]
[BlackElo "2466"]
[WhiteEngine "stockfish_18011309_x64"]
[BlackEngine "Cryptic AIL V1"]
[EventType "Swiss"]
[WhiteTeam ""]
[BlackTeam ""]
[PlyCount "210"]
[TimeControl "180+1"]

1. e4 c5 2. Nf3 d6 3. d4 cxd4 4. Nxd4 Nf6 5. Nc3 a6 6. Be3 e5 7. Nb3 Be7 
8. Be2 Be6 9. Qd3 Nc6 10. a3 Rc8 11. Nd5 O-O 12. Rd1 Bxd5 13. exd5 Na5 
14. Nxa5 Qxa5+ 15. c3 Nd7 16. Qf5 Nf6 17. O-O g6 18. Qc2 Nd7 19. Bh6 Rfe8 
20. g3 Bf6 21. Kg2 Bg7 22. Bc1 e4 23. Bf4 Be5 24. Bh6 Bg7 25. Bf4 Be5 26. Be3 h5 
27. a4 f5 28. Rg1 Rf8 29. Bd2 Qd8 30. h4 Rf7 31. Rge1 Qc7 32. Be3 Kh7 
33. Bd2 Qa5 34. Bf4 Bxf4 35. gxf4 Re7 36. Rd4 Qb6 37. Qd2 Rce8 38. Qc1 Rc8 
39. Qa1 Nf6 40. Qa3 Qd8 41. Qb3 a5 42. Rdd1 Ng4 43. Ra1 e3 44. Bxg4 fxg4 
45. fxe3 Re4 46. Qc2 Qe7 47. Qf2 Kg7 48. Rab1 Kf6 49. Kg1 Rxa4 50. e4 Rxe4 
51. Rxe4 Qxe4 52. Re1 Qxd5 53. f5 Qc5 54. fxg6+ Qxf2+ 55. Kxf2 Rc5 56. g7 Rf5+ 
57. Kg3 Kxg7 58. Re7+ Rf7 59. Re6 Rf3+ 60. Kg2 Rf6 61. Re7+ Rf7 62. Re6 Rd7 
63. Re8 a4 64. Ra8 Re7 65. Rxa4 Re2+ 66. Kg1 Kf6 67. Ra5 Re5 68. Ra1 Re3 
69. Ra5 Re5 70. Ra1 Kf5 71. Rf1+ Ke6 72. Rf8 Re1+ 73. Kg2 Re2+ 74. Kg3 Rxb2 
75. Rh8 Rb5 76. Rh6+ Kd7 77. Kf4 Rc5 78. Ke4 g3 79. Kf3 Rxc3+ 80. Ke2 Rc2+ 
81. Kf1 Rc1+ 82. Kg2 Rc5 83. Rh8 b5 84. Rf8 b4 85. Rb8 Rc4 86. Kxg3 Kc7 
87. Rf8 Rg4+ 88. Kf3 b3 89. Ke2 Rg1 90. Kf2 Rc1 91. Rf7+ Kc6 92. Rf3 b2 
93. Rb3 b1=Q 94. Rxb1 Rxb1 95. Ke3 Rb4 96. Kf3 Rxh4 97. Ke2 Rf4 98. Ke3 Rf7 
99. Kd3 h4 100. Kc2 h3 101. Kd3 h2 102. Kc2 h1=Q 103. Kd3 Rf3+ 104. Kc2 Qg2+ 
105. Kb1 Rf1# 0-1

[Event "Wednesday Night Engine Tour 13 rd Swiss 3m+1s Starts at 2200hrs ST"]
[Site "Infinity Chess"]
[Date "2018.1.17"]
[Round "6"]
[White "marudam"]
[Black "MGR"]
[Result "1/2-1/2"]
[ECO "C50"]
[WhiteElo "2487"]
[BlackElo "2486"]
[WhiteEngine "stockfish291217_CTG"]
[BlackEngine "asmFishW_2017-11-19_bmi2"]
[EventType "Swiss"]
[WhiteTeam ""]
[BlackTeam ""]
[PlyCount "127"]
[TimeControl "180+1"]

1. e4 e5 2. Nf3 Nc6 3. Bc4 Bc5 4. O-O Nf6 5. d3 d6 6. c3 O-O 7. Nbd2 a5 
8. Re1 h6 9. h3 Be6 10. b3 Bb6 11. Bxe6 fxe6 12. Nc4 Bc5 13. Be3 Bxe3 
14. Rxe3 b5 15. Ncd2 b4 16. Qc2 Nd7 17. a3 bxc3 18. Qxc3 Ra6 19. Rb1 Qb8 
20. Qc4 Nc5 21. Qc3 Kh7 22. b4 Rb6 23. bxc5 Rxb1+ 24. Nxb1 Qxb1+ 25. Re1 Qb5 
26. cxd6 cxd6 27. d4 exd4 28. Nxd4 Nxd4 29. Qxd4 Qc6 30. Kh2 Qc2 31. Rf1 Rc8 
32. Qxd6 Qxe4 33. Rd1 Rc3 34. Rd4 Qc6 35. f3 Qxd6+ 36. Rxd6 e5 37. a4 Ra3 
38. Rd5 e4 39. fxe4 Rxa4 40. Kg3 Ra1 41. Kf4 a4 42. Ra5 a3 43. Ra6 a2 
44. Ke5 Kg8 45. Ke6 h5 46. g4 hxg4 47. hxg4 Kh7 48. Ke5 g5 49. Ra3 Rg1 
50. Rxa2 Rxg4 51. Ra1 Kg6 52. Rh1 Rg2 53. Ra1 Rg4 54. Rb1 Rf4 55. Ra1 Rf2 
56. Rb1 g4 57. Kd4 Rf8 58. e5 g3 59. e6 g2 60. e7 Rg8 61. Ke4 Kf7 62. Rg1 Kxe7 
63. Kf3 Rg7 64. Rxg2 1/2-1/2

[Event "Wednesday Night Engine Tour 13 rd Swiss 3m+1s Starts at 2200hrs ST"]
[Site "Infinity Chess"]
[Date "2018.1.17"]
[Round "6"]
[White "KhalidOmar"]
[Black "incredible"]
[Result "1/2-1/2"]
[ECO "A50"]
[WhiteElo "2506"]
[BlackElo "2502"]
[WhiteEngine "Eman SL 1.63 64-bit BMI2"]
[BlackEngine "Stockfish_x64_bmi2"]
[EventType "Swiss"]
[WhiteTeam ""]
[BlackTeam ""]
[PlyCount "91"]
[TimeControl "180+1"]

1. d4 Nf6 2. c4 b6 3. f3 Nc6 4. Nc3 e5 5. d5 Ne7 6. e4 Ng6 7. h4 Nh5 8. Nge2 Be7 
9. g3 d6 10. Be3 a6 11. Qb3 O-O 12. O-O-O f5 13. exf5 Rxf5 14. Bg2 Rf8 
15. Rd2 Bd7 16. Ne4 Rb8 17. N2c3 h6 18. a3 Qc8 19. Rf2 b5 20. Bf1 c5 21. Rg1 Qe8 
22. Qd1 b4 23. axb4 cxb4 24. Nb1 a5 25. c5 dxc5 26. Nbd2 a4 27. Nc4 Nf6 
28. d6 Bd8 29. Nxc5 Bb5 30. d7 Qe7 31. h5 Nh8 32. Nd6 Bxf1 33. Rgxf1 Bb6 
34. Nf5 Qf7 35. f4 Nxd7 36. fxe5 Bxc5 37. Nxh6+ gxh6 38. Rxf7 Bxe3+ 39. Kb1 Nxf7 
40. Qxd7 b3 41. Qc6 Nxe5 42. Qe6+ Kh7 43. Qe7+ Kg8 44. Qe6+ Kh7 45. Qe7+ Kg8 
46. Qe6+ 1/2-1/2

[Event "Wednesday Night Engine Tour 13 rd Swiss 3m+1s Starts at 2200hrs ST"]
[Site "Infinity Chess"]
[Date "2018.1.17"]
[Round "6"]
[White "Victorious"]
[Black "BraveDevil"]
[Result "1/2-1/2 "]
[ECO "E40"]
[WhiteElo "2556"]
[BlackElo "2517"]
[WhiteEngine "BugChess2.41_Release"]
[BlackEngine "Cryptic AIL V1"]
[EventType "Swiss"]
[WhiteTeam ""]
[BlackTeam ""]
[PlyCount "221"]
[TimeControl "180+1"]

1. d4 Nf6 2. c4 e6 3. Nc3 Bb4 4. e3 O-O 5. Bd3 b6 6. Nf3 Bb7 7. O-O d5 8. a3 Be7 
9. cxd5 exd5 10. b4 Nbd7 11. Qb3 a6 12. a4 Bd6 13. Ba3 Qe7 14. Rfe1 Rfb8 
15. Bc2 g6 16. h3 Kg7 17. e4 dxe4 18. d5 a5 19. Bb2 Kg8 20. b5 Qf8 21. Nxe4 Nxe4 
22. Bxe4 Re8 23. Qc4 Re7 24. Qc3 Ne5 25. Bf5 Bb4 26. Qd4 f6 27. Be6+ Rxe6 
28. dxe6 Nxf3+ 29. gxf3 Bxe1 30. Rxe1 Qb4 31. Re3 Qxd4 32. Bxd4 Re8 33. Bxf6 c6 
34. bxc6 Bxc6 35. Bd4 Rb8 36. Be5 Ra8 37. Rb3 Re8 38. Rxb6 Rxe6 39. Bc3 Kf7 
40. Ra6 Bxa4 41. Rxa5 Bd1 42. f4 Bc2 43. Be5 Be4 44. Ra4 Bd5 45. Rd4 Bc6 
46. Rc4 Bd5 47. Rd4 Bc6 48. h4 Re7 49. Rd6 Re6 50. Rd3 Be4 51. Rd4 Bb7 
52. Rd7+ Re7 53. Rd6 Re6 54. Rd3 Rb6 55. f3 Ke6 56. Kh2 Bd5 57. Kg3 Rb3 
58. Rxb3 Bxb3 59. Bc3 h5 60. Bb4 Kf5 61. Be1 Kf6 62. Bd2 Bd5 63. Be1 Kf5 
64. Bd2 Ke6 65. Bc1 Kf5 66. Bb2 Bb3 67. Ba1 Bd1 68. Bb2 Bc2 69. Ba1 Bd3 
70. Bb2 Bc2 71. Ba1 Bb3 72. Bb2 Bd5 73. Be5 Bb3 74. Ba1 Be6 75. Bb2 Bd5 
76. Ba1 Bc6 77. Bb2 Be8 78. Ba1 Bb5 79. Bb2 Bd3 80. Bd4 Ke6 81. Kf2 Bc4 
82. Bc3 Ba6 83. Bd2 Kf5 84. Kg3 Bb5 85. Bc1 Ba4 86. Bb2 Ke6 87. Kf2 Bb3 
88. Bd4 Bd1 89. Bc3 Kf5 90. Bd2 Ba4 91. Bc1 Bc2 92. Ke3 Bd1 93. Kf2 Ba4 
94. Bb2 Bc6 95. Bc1 Bb7 96. Kg3 Ke6 97. Bd2 Bc6 98. Kf2 Kf6 99. f5 Kxf5 
100. Bg5 Ke6 101. Bc1 Bb5 102. Bg5 Ke5 103. Ke1 Kf5 104. Kf2 Ba6 105. Be3 Ke6 
106. Bg5 Kf5 107. Be3 Ke5 108. Kg2 Bd3 109. Bg5 Bc2 110. Kf2 Bb1 111. Kg3 
1/2-1/2

[Event "Wednesday Night Engine Tour 13 rd Swiss 3m+1s Starts at 2200hrs ST"]
[Site "Infinity Chess"]
[Date "2018.1.17"]
[Round "6"]
[White "Gilgamesch"]
[Black "RonWeasley"]
[Result "1/2-1/2"]
[ECO "C00"]
[WhiteElo "2561"]
[BlackElo "2499"]
[WhiteEngine "BrainFish_171005_x64_bmi2"]
[BlackEngine "BrainFish 130117_CTG"]
[EventType "Swiss"]
[WhiteTeam ""]
[BlackTeam ""]
[PlyCount "167"]
[TimeControl "180+1"]

1. e4 e6 2. Nc3 d5 3. d4 Nf6 4. e5 Nfd7 5. f4 c5 6. Nf3 Nc6 7. Be3 cxd4 
8. Nxd4 Qb6 9. Qd2 Qxb2 10. Rb1 Qa3 11. Bb5 Nxd4 12. Bxd4 a6 13. Bxd7+ Bxd7 
14. Rb3 Qe7 15. Rxb7 Rc8 16. O-O Qd8 17. Qe3 Rc4 18. Rfb1 Be7 19. f5 Bg5 
20. Qd3 O-O 21. Ne4 Bc8 22. Bb6 Be3+ 23. Qxe3 Qh4 24. Nf6+ gxf6 25. Rc7 exf5 
26. Rxc4 dxc4 27. exf6 Kh8 28. Bc7 Rg8 29. Bg3 Qg4 30. Qf4 c3 31. a3 Be6 
32. Re1 Rd8 33. Qe3 Bd5 34. Qe8+ Rxe8 35. Rxe8+ Qg8 36. Rxg8+ Kxg8 37. Be5 Be4 
38. Bxc3 Bxc2 39. Kf2 h6 40. Ke3 Kh7 41. g3 Ba4 42. h3 Bd7 43. Kf3 Kg6 
44. Kf4 Ba4 45. h4 Bd7 46. Ke5 Ba4 47. Bd4 Bb3 48. Kf4 Bc2 49. Ke5 Bb3 
50. Bb2 Ba4 51. Kf4 Bb3 52. Ke5 Bc2 53. Bc1 Kh5 54. Be3 Kg6 55. Kd5 Kh5 
56. Ke5 Kg4 57. Bf4 h5 58. Kd6 Kf3 59. Ke7 Bb3 60. a4 Kg4 61. Bd6 Kf3 
62. Bf4 Be6 63. Bd6 Bc4 64. Bf4 Bb3 65. a5 Bc4 66. Kd6 Bb3 67. Kd7 Bd1 
68. Ke8 Bb3 69. Be5 Be6 70. Kf8 Bc4 71. Kg7 Bd5 72. Kh6 Kg4 73. Kh7 Bf3 
74. Kg7 Bd5 75. Bf4 Be6 76. Kg8 Ba2 77. Kg7 Bb3 78. Bb8 Bd5 79. Bf4 Be6 
80. Kh7 Ba2 81. Kh6 Bc4 82. Bd6 Bb3 83. Kg7 Bd5 84. Bf4 1/2-1/2

[Event "Wednesday Night Engine Tour 13 rd Swiss 3m+1s Starts at 2200hrs ST"]
[Site "Infinity Chess"]
[Date "2018.1.17"]
[Round "6"]
[White "jery"]
[Black "ocirema"]
[Result "1/2-1/2"]
[ECO "C58"]
[WhiteElo "2454"]
[BlackElo "2491"]
[WhiteEngine "stockfish_18011309_x64_modern_CTG"]
[BlackEngine "stockfish_18011309_x64_modern_CTG"]
[EventType "Swiss"]
[WhiteTeam ""]
[BlackTeam ""]
[PlyCount "95"]
[TimeControl "180+1"]

1. e4 e5 2. Nf3 Nc6 3. Bc4 Nf6 4. Ng5 d5 5. exd5 Na5 6. Bb5+ c6 7. dxc6 bxc6 
8. Bd3 Nd5 9. h4 h6 10. Qh5 Qf6 11. Nh7 Rxh7 12. Bxh7 g6 13. Qe2 Nf4 14. Qf3 Bb7 
15. Nc3 Qg7 16. d3 c5 17. Ne4 O-O-O 18. Bxf4 exf4 19. Qg4+ f5 20. Qxg6 fxe4 
21. Qxg7 Bxg7 22. Bxe4 Bxe4 23. dxe4 Bxb2 24. Rd1 Re8 25. Rd5 Rxe4+ 26. Kd1 Re5 
27. Rxe5 Bxe5 28. Ke2 Kd7 29. Rb1 Kc6 30. Kf3 Nc4 31. Re1 Kd5 32. Rd1+ Ke6 
33. Rd8 Na3 34. Ke4 Bf6 35. Rc8 Kd6 36. Kxf4 Kd5 37. Kf5 Bxh4 38. g3 Be7 
39. c3 Bd6 40. Re8 c4 41. Re3 h5 42. f4 Nb1 43. Kg6 Bc5 44. Re5+ Kd6 45. Re4 Kd5 
46. Re5+ Kd6 47. Re4 Kd5 48. Re5+ 1/2-1/2

[Event "Wednesday Night Engine Tour 13 rd Swiss 3m+1s Starts at 2200hrs ST"]
[Site "Infinity Chess"]
[Date "2018.1.17"]
[Round "6"]
[White "Eman"]
[Black "Vimtiroba"]
[Result "1/2-1/2"]
[ECO "D30"]
[WhiteElo "2514"]
[BlackElo "2539"]
[WhiteEngine "Eman SL 1.63 64-bit POPCNT"]
[BlackEngine "SF@Infinity_CTG"]
[EventType "Swiss"]
[WhiteTeam ""]
[BlackTeam ""]
[PlyCount "90"]
[TimeControl "180+1"]

1. d4 d5 2. c4 e6 3. Nf3 Nf6 4. Nc3 c6 5. Bg5 h6 6. Bxf6 Qxf6 7. e3 Nd7 
8. Bd3 dxc4 9. Bxc4 g6 10. O-O Bg7 11. e4 e5 12. Re1 O-O 13. d5 Rd8 14. a3 Nb6 
15. Bb3 Bg4 16. Re3 Qe7 17. Rc1 cxd5 18. Nxd5 Nxd5 19. Bxd5 Rac8 20. Rxc8 Rxc8 
21. h3 Be6 22. Rd3 a6 23. g4 Bxd5 24. Rxd5 Qc7 25. Kg2 Qc4 26. Rd7 Qxe4 
27. Rxf7 Kxf7 28. Qd7+ Kf6 29. h4 g5 30. hxg5+ hxg5 31. Qxc8 Ke7 32. Qc7+ Ke6 
33. Qc8+ Ke7 34. b3 b5 35. Qc7+ Ke6 36. Qc8+ Ke7 37. a4 Bf6 38. axb5 axb5 
39. Qc5+ Ke6 40. Qc8+ Ke7 41. Kg3 Qd5 42. Qc7+ Ke6 43. Qc8+ Ke7 44. Qc7+ Ke6 
45. Qc8+ Ke7 1/2-1/2